 Dungeon Crawl Stone Soup version 0.30-a0-782-ge64f9170bb (webtiles) character file.

Game seed: 14641334579132339775

70756 KleinerIrrer the Gelid (level 14, -10/116 HPs)
             Began as a Demonspawn Ice Elementalist on Feb 20, 2023.
             Was an Initiate of Gozag.
             Mangled by Saint Roka
             ... wielding a +1 bardiche of protection
              (32 damage)
             ... on level 2 of the Orcish Mines.
             The game lasted 01:20:47 (22670 turns).

KleinerIrrer the Gelid (DsIE)                      Turns: 22670, Time: 01:20:48

Health: -10/116    AC: 15    Str: 14    XL:     14   Next: 95%
Magic:  20/39      EV: 12    Int: 22    God:    Gozag
Gold:   78         SH:  0    Dex: 10    Spells: 11/37 levels left

rFire   + + +      SeeInvis +    P - +8 dagger "Orb Guardian's Peril" {freeze, rPois rCorr MP+9}
rCold   + . .      Faith    .    (no shield)
rNeg    + . .      Spirit   .    B - +2 robe {Archmagi}
rPois   +          Reflect  .    (helmet unavailable)
rElec   +          Harm     .    k - +1 cloak
rCorr   +          Rampage  .    m - +0 pair of gloves
Will    +....      Archmagi +    v - +0 pair of boots "Cenuon" {rElec rF+ Str+4 Stlth-}
Stlth   +                        E - amulet of the acrobat
HPRegen 0.39/turn                J - +4 ring of protection
MPRegen 0.26/turn                j - ring of Fun {rF+ rN+ Str+2 Dex-4 SInv}

@: mighty, resistant, freezing walls, very slightly contaminated
A: horns 3, yellow scales 2, foul stench 2, spiny 2
a: Renounce Religion, Potion Petition, Call Merchant, Bribe Branch


You were on level 2 of the Orcish Mines.
You worshipped Gozag.
Gozag was noncommittal.
You visited 4 branches of the dungeon, and saw 21 of its levels.

You collected 8348 gold pieces.
You spent 5582 gold pieces at shops.
You paid 2688 gold pieces to Gozag.

Inventory:

Hand Weapons
 P - the +8 dagger "Orb Guardian's Peril" (weapon) {freeze, rPois rCorr MP+9}
   (You took it off an orc warrior on level 8 of the Dungeon)

   rPois:     It protects you from poison.
   MP:        It affects your magic capacity (+9).
   rCorr:     It protects you from acid and corrosion.
Missiles
 p - 8 poisoned darts (quivered)
 I - 2 throwing nets
Armour
 k - a +1 cloak (worn)
 m - a +0 pair of gloves (worn)
 v - the +0 pair of boots "Cenuon" (worn) {rElec rF+ Str+4 Stlth-}
   (You acquired it on level 4 of the Lair of Beasts)

   Str:       It affects your strength (+4).
   rF:        It protects you from fire.
   rElec:     It insulates you from electricity.
   Stlth:     It makes you less stealthy.
 B - a +2 robe of the Archmagi (worn)
 G - +0 swamp dragon scales
 H - the +6 scale mail of Uskayaw's Grace {+Blink Str+3 Int+4}
   (You found it on level 8 of the Dungeon)

   Str:       It affects your strength (+3).
   Int:       It affects your intelligence (+4).
   +Blink:    It lets you blink.
Magical Staves
 C - a staff of cold
Jewellery
 i - an amulet of magic regeneration
 j - the ring of Fun (right hand) {rF+ rN+ Str+2 Dex-4 SInv}
   (You bought it in a shop on level 10 of the Dungeon)

   [ring of protection from fire]

   Str:       It affects your strength (+2).
   Dex:       It affects your dexterity (-4).
   rF:        It protects you from fire.
   rN:        It protects you from negative energy.
   SInv:      It lets you see invisible.
 o - a ring of protection from cold
 E - an amulet of the acrobat (around neck)
 J - a +4 ring of protection (left hand)
 L - the ring "Xorchuem" {Wiz rElec Str+6 Dex+3}
   (You bought it in a shop on level 10 of the Dungeon)

   [ring of wizardry]

   It improves your spell success rate.
   Str:       It affects your strength (+6).
   Dex:       It affects your dexterity (+3).
   rElec:     It insulates you from electricity.
 O - a +5 ring of evasion
Wands
 a - a wand of charming (8)
 x - a wand of quicksilver (14)
 D - a wand of digging (15)
 K - a wand of roots (14)
 M - a wand of flame (6)
 Y - a wand of polymorph (6)
Scrolls
 c - 2 scrolls of silence
 e - 4 scrolls of vulnerability
 f - 3 scrolls of enchant weapon
 g - 13 scrolls of teleportation
 q - 3 scrolls of amnesia
 t - 4 scrolls of poison
 w - a scroll of immolation
 y - a scroll of magic mapping
 N - 2 scrolls of butterflies {unknown}
 Q - a scroll of fear {unknown}
 R - a scroll of torment {unknown}
 U - a scroll of blinking {unknown}
 W - a scroll of brand weapon {unknown}
Potions
 b - a potion of magic
 d - 2 potions of lignification
 h - 4 potions of might
 l - 2 potions of attraction
 n - 5 potions of haste
 r - a potion of resistance
 s - 2 potions of curing
 u - 5 potions of brilliance
 z - a potion of berserk rage
 A - a potion of flight
 F - a potion of degeneration
 X - a potion of mutation {unknown}


   Skills:
 - Level 12.6 Fighting
 - Level 1.0 Armour
 - Level 1.7 Dodging
 - Level 1.7 Stealth
 + Level 12.4 Spellcasting
 - Level 4.0 Conjurations
 * Level 17.4 Ice Magic
 - Level 4.0 Air Magic


You had 11 spell levels left.
You knew the following spells:

 Your Spells              Type           Power      Damage    Failure   Level
a - Freeze                Ice            100%       1d10      0%          1
b - Frozen Ramparts       Ice            100%       1d16      0%          3
c - Ozocubu's Armour      Ice            94%        N/A       0%          3
d - Summon Ice Beast      Ice/Summ       67%        N/A       1%          4
e - Ensorcelled Hibernat  Hex/Ice        100%       N/A       1%          2
f - Metabolic Englaciati  Hex/Ice        33%        N/A       3%          5
g - Freezing Cloud        Conj/Ice/Air   33%        6-21      4%          5
h - Hailstorm             Conj/Ice       75%        3d15      1%          3

Your spell library contained the following spells:

 Spells                   Type           Power      Damage    Failure   Level
 Static Discharge         Conj/Air       92%        2-6/arc   1%          2
 Momentum Strike          Conj/Tloc      66%        3d9       3%          2
 Apportation              Tloc           40%        N/A       4%          1
 Necrotise                Necr           80%        1d8       4%          1
 Sandblast                Erth           40%        2d10      4%          1
 Summon Small Mammal      Summ           80%        N/A       4%          1
 Vhi's Electric Charge    Tloc/Air       66%        N/A       6%          3
 Passwall                 Tmut/Erth      16%        N/A       7%          2
 Spider Form              Tmut/Pois      20%        N/A       14%         3
 Iskenderun's Mystic Bla  Conj/Tloc      33%        2d8       21%         4
 Arcjolt                  Conj/Air       23%        1d33      26%         5
 Iskenderun's Battlesphe  Conj           46%        2d10      26%         5
 Lightning Bolt           Conj/Air       23%        1d38      26%         5
 Anguish                  Hex/Necr       10%        N/A       43%         4
 Dispel Undead            Necr           20%        3d11      43%         4
 Manifold Assault         Tloc           20%        N/A       43%         4
 Silence                  Hex/Air        16%        N/A       50%         5
 Lee's Rapid Deconstruct  Erth           10%        3d8*      78%         5
 Summon Forest            Summ/Tloc      10%        N/A       78%         5
 Yara's Violent Unravell  Hex/Tmut       10%        3d6       78%         5
 Iron Shot                Conj/Erth      16%        9d4       97%         6
 Polar Vortex             Ice            47%        N/A       98%         9
 Dispersal                Tloc           10%        N/A       100%        6
 Haunt                    Necr/Summ      10%        N/A       100%        7
 Discord                  Hex            10%        N/A       100%        8
 Disjunction              Tloc           10%        N/A       100%        8
 Lehudib's Crystal Spear  Conj/Erth      16%        10d5      100%        8
 Chain Lightning          Conj/Air       23%        3d30      100%        9
 Fire Storm               Conj/Fire      16%        8d4       100%        9
 Shatter                  Erth           10%        3d11*     100%        9
 Simulacrum               Ice/Necr       Unusable   N/A       N/A         6

Dungeon Overview and Level Annotations

Branches:
Dungeon (13/15)            Temple (1/1) D:5            Lair (5/5) D:10
 Spider (0/4) Lair:3        Slime (0/5) Lair:5          Orc (2/2) D:12
    Elf (0/3) Orc:2        Vaults (0/5) D:13
  Swamp: Lair:2-3    Shoals: Lair:2-3

Altars:
Ashenzari
Dithmenos
Fedhas
Gozag
Hepliaklqana
Kikubaaqudgha
Makhleb
Nemelex Xobeh
Okawaru
Ru
Sif Muna
Trog
Uskayaw
Vehumet
Wu Jian
Xom
Yredelemnul
Lugonu

Shops:
D:8 :   D:10 =[[   Orc:2 =

Portals:
Abyss: Lair:5

Annotations:
D:13 1 transporter
Orc:2 Saint Roka


Innate Abilities, Weirdness & Mutations

You have a pair of large horns on your head.
You are mostly covered in yellow scales. (AC +3)
You sometimes emit foul miasma when damaged in melee.
You are mostly covered in sharp spines.


Message History

Saint Roka hits you with a +1 bardiche of protection!
Casting: Freezing Cloud (dangerous; 4% risk of failure)
Confirm with . or Enter, or press ? or * to list all spells.
Casting: Frozen Ramparts (safe; 0% risk of failure)
Press: ? - help, Dir - look around, f - activate You feel a surge of power!
The walls around you are covered in ice.
Saint Roka resists.
The wall freezes Saint Roka.
Saint Roka mumbles some strange prayers to Beogh against you.
Beogh smites you!
Your frozen ramparts will break if you move.
Continue?
Okay, then.
Casting: Frozen Ramparts (safe; 0% risk of failure)
Confirm with . or Enter, or press ? or * to list all spells.
Aiming: Ensorcelled Hibernation (safe; 1% risk of failure)
Press: ? - help, Shift-Dir - straight line, f - you That would be overly suicidal.
Okay, then.
Unknown command.
Unknown command.
Casting: Ensorcelled Hibernation (safe; 1% risk of failure)
Confirm with . or Enter, or press ? or * to list all spells.
Aiming: Ensorcelled Hibernation (safe; 1% risk of failure)
Press: ? - help, Shift-Dir - straight line, f - Saint Roka
Aim: Saint Roka, wielding a +1 bardiche of protection and wearing a +0 chain mail of cold resistance (almost dead, not susceptible)
Okay, then.
Unknown command.
Unknown command.
You feel better.
The wall freezes Saint Roka but does no damage.
Saint Roka hits you with a +1 bardiche of protection!!
* * * LOW HITPOINT WARNING * * *
Okay, then.
Okay, then.
Okay, then.
Your frozen ramparts will break if you move.
Continue?
Saint Roka attacks as you move away!
Saint Roka hits you with a +1 bardiche of protection!!
You die...
Your body crumbles into a pile of gold.

##......#.$..$...........
#..........#### #.....#
#..........#∩.## #.....#
#......$..#...###8...8#
##........##...##.....#
#......$...##...#.....#.
#......<[...##...$......
#.......[######.........
##..#...@#)$.8..$........
#........o☼○§§...........
#.........§§§..$...._....
##...#$.....§$$...$......
#...........8...........
##......#○#####..$......
###.........# ..........
#..........## ..#.....#.
#..........## ##.....#


You could see Saint Roka.

Vanquished Creatures
  Harold (Orc:1)
  7 hydras
  Erolcha (Orc:1)
  A centaur warrior (D:8)
  4 two-headed ogres
  A boulder beetle (D:11)
  An orc high priest (Orc:2)
  Urug (Orc:2)
  2 thrashing horrors (Lair:5)
  A tengu warrior (D:8)
  Nergalle (Orc:2)
  Amaemon (Lair:3)
  3 skysharks
  A wizard (D:13)
  2 orc knights
  10 oklob plants
  A deep elf pyromancer (D:13)
  2 manticores
  2 orc sorcerers (Orc:2)
  A cyclops (D:13)
  5 ugly things (Lair:5)
  8 elephants
  A torpor snail (Lair:5)
  Joseph (D:10)
  3 black mambas
  2 gargoyles
  Maggie (D:8)
  A merfolk siren (Lair:2)
  An orange demon (Lair:3)
  16 cane toads
  A smoke demon (Lair:5)
  Psyche (D:6)
  6 komodo dragons
  3 rime drakes
  2 tengu conjurers (D:12)
  An ancient zyme (Lair:5)
  7 trolls
  A polar bear (Lair:2)
  A raiju (shapeshifter) (Lair:5)
  22 blink frogs
  7 dream sheep
  A large abomination (Lair:5)
  4 slime creatures
  55 yaks
  A ynoxinul (Lair:5)
  3 wraiths
  A vampire (D:10)
  2 shadows
  7 basilisks
  3 steam dragons
  6 wyverns
  3 chaos spawn (Lair:5)
  Grum (D:8)
  2 vampire mosquitoes (D:11)
  15 small abominations (Lair:5)
  4 wargs
  2 acid dragons
  9 water moccasins
  25 orc warriors
  A sky beast (D:7)
  3 ice beasts
  7 ogres
  A black bear (D:4)
  20 wolves
  3 centaurs
  3 phantoms
  Blork the orc (D:6)
  2 gnoll sergeants
  15 bullfrogs
  2 necrophages
  8 scorpions
  3 killer bees (D:9)
  5 howler monkeys
  4 jellies
  20 orc priests
  A gnoll bouda (D:7)
  6 hounds
  5 iguanas
  17 orc wizards
  6 hell rats (Lair:2)
  Robin (D:3)
  3 adders
  20 gnolls
  A white imp (D:7)
  An ufetubus (D:4)
  3 worms
  2 dart slugs
  71 orcs
  5 endoplasms
  7 giant cockroaches
  17 goblins
  7 hobgoblins
  6 kobolds
  3 quokkas
  12 ball pythons
  3 bats
  A frilled lizard (D:1)
  6 rats
581 creatures vanquished.

Vanquished Creatures (collateral kills)
  A wolf (D:8)
1 creature vanquished.

Vanquished Creatures (others)
  A centaur warrior (D:8)
  An acid dragon (D:8)
  A gnoll (D:11)
  24 fungi
  61 plants
88 creatures vanquished.

Grand Total: 670 creatures vanquished

Notes
Turn   | Place    | Note
-------+----------+-------------------------------------------
     0 | D:1      | KleinerIrrer the Demonspawn Ice Elementalist began the
                  | quest for the Orb.
     0 | D:1      | Reached XP level 1. HP: 13/13 MP: 3/3
   173 | D:1      | Gained mutation: You have a pair of small horns on your
                  | head. [demonic ancestry]
   173 | D:1      | Reached XP level 2. HP: 12/20 MP: 0/5
   701 | D:1      | Reached skill level 4 in Ice Magic
   946 | D:2      | Reached skill level 1 in Fighting
   976 | D:2      | Found a faded altar of an unknown god.
  1208 | D:2      | Gained mutation: You have a pair of horns on your head.
                  | [demonic ancestry]
  1208 | D:2      | Reached XP level 3. HP: 26/26 MP: 4/6
  1299 | D:2      | Learned a level 3 spell: Frozen Ramparts
  1647 | D:3      | Reached XP level 4. HP: 28/33 MP: 3/8
  1779 | D:3      | Learned a level 3 spell: Ozocubu's Armour
  1922 | D:3      | Gained mutation: You have a pair of large horns on your
                  | head. [demonic ancestry]
  1922 | D:3      | Reached XP level 5. HP: 36/38 MP: 5/9
  2186 | D:3      | Noticed Robin
  2204 | D:3      | Killed Robin
  2205 | D:3      | Reached skill level 5 in Ice Magic
  2494 | D:4      | Noticed an ogre
  2503 | D:4      | Killed an ogre
  2504 | D:4      | Gained mutation: You are partially covered in sharp spines.
                  | [demonic ancestry]
  2504 | D:4      | Reached XP level 6. HP: 43/46 MP: 0/10
  3064 | D:4      | Reached skill level 6 in Ice Magic
  3129 | D:4      | Reached XP level 7. HP: 51/52 MP: 10/12
  3347 | D:5      | Entered Level 5 of the Dungeon
  3709 | D:5      | Found a staircase to the Ecumenical Temple.
  3719 | Temple   | Entered the Ecumenical Temple
  3768 | Temple   | Became a worshipper of Gozag Ym Sagoz the Greedy
  3918 | D:5      | Reached skill level 7 in Ice Magic
  4012 | D:5      | Reached XP level 8. HP: 56/61 MP: 11/14
  4340 | D:6      | Reached skill level 5 in Spellcasting
  4394 | D:6      | Reached skill level 5 in Fighting
  4470 | D:6      | Reached skill level 8 in Ice Magic
  4703 | D:5      | Learned a level 4 spell: Summon Ice Beast
  5028 | D:6      | Reached XP level 9. HP: 25/69 MP: 17/17
  5207 | D:6      | Noticed Blork the orc
  5212 | D:6      | Killed Blork the orc
  5870 | D:7      | Reached skill level 9 in Ice Magic
  6246 | D:7      | Found a burning altar of Makhleb.
  6255 | D:7      | Found a basalt altar of Yredelemnul.
  6729 | D:8      | Noticed Psyche
  6841 | D:8      | Paralysed by Psyche for 3 turns
  7074 | D:6      | Killed Psyche
  7145 | D:8      | Noticed Maggie
  7161 | D:8      | Killed Maggie
  7429 | D:8      | Found Viuh's Tremendous Tomes.
  7493 | D:8      | Identified the +8 dagger "Orb Guardian's Peril" {freeze,
                  | rPois rCorr MP+9}
  7545 | D:8      | Noticed a centaur warrior
  7549 | D:8      | Noticed a centaur warrior
  7555 | D:8      | Killed a centaur warrior
  7556 | D:8      | Reached skill level 10 in Ice Magic
  7556 | D:8      | Gained mutation: You are partially covered in yellow
                  | scales. (AC +2) [demonic ancestry]
  7556 | D:8      | Reached XP level 10. HP: 59/79 MP: 16/20
  7557 | D:8      | Noticed a tengu warrior
  7560 | D:8      | Noticed Grum
  7577 | D:8      | Killed a tengu warrior
  7593 | D:8      | Killed Grum
  7663 | D:8      | Noticed a manticore
  7675 | D:8      | Killed a manticore
  7739 | D:8      | Identified the +6 scale mail of Uskayaw's Grace {+Blink
                  | Str+3 Int+4}
  7845 | D:8      | Reached skill level 11 in Ice Magic
  7913 | D:8      | Reached skill level 1 in Armour
  8167 | D:8      | Identified the +2 executioner's axe of Ochekh {elec, Str+3}
  8328 | D:9      | Found a hazy altar of Hepliaklqana.
  8449 | D:9      | Noticed a two-headed ogre
  8459 | D:9      | Killed a two-headed ogre
  8761 | D:9      | Noticed a two-headed ogre
  8766 | D:9      | Killed a two-headed ogre
  8904 | D:9      | Gained mutation: You may rarely emit foul miasma when
                  | damaged in melee. [demonic ancestry]
  8904 | D:9      | Reached XP level 11. HP: 75/87 MP: 17/23
  8963 | D:10     | Entered Level 10 of the Dungeon
  9216 | D:10     | Reached skill level 12 in Ice Magic
  9277 | D:10     | Noticed Joseph
  9287 | D:10     | Killed Joseph
  9291 | D:10     | Found a staircase to the Lair.
  9671 | Lair:1   | Entered Level 1 of the Lair of Beasts
 10142 | Lair:1   | Reached skill level 13 in Ice Magic
 10387 | Lair:1   | Learned a level 2 spell: Ensorcelled Hibernation
 10739 | Lair:2   | Gained mutation: You are mostly covered in sharp spines.
                  | [demonic ancestry]
 10739 | Lair:2   | Reached XP level 12. HP: 93/97 MP: 25/25
 10892 | Lair:2   | Reached skill level 10 in Fighting
 11063 | D:8      | Bought the Quarto of Scree and Freezing for 1419 gold
                  | pieces
 11069 | D:8      | Learned a level 5 spell: Metabolic Englaciation
 11075 | D:8      | Learned a level 5 spell: Freezing Cloud
 11410 | Lair:2   | Reached skill level 1 in Conjurations
 11483 | Lair:2   | Reached skill level 1 in Air Magic
 11961 | Lair:3   | Noticed Amaemon
 11986 | Lair:3   | Killed Amaemon
 12282 | Lair:3   | Noticed a six-headed hydra
 12291 | Lair:3   | Killed a six-headed hydra
 12293 | Lair:3   | Reached skill level 14 in Ice Magic
 12505 | Lair:3   | Reached skill level 10 in Spellcasting
 12520 | Lair:3   | Found a hole to the Spider Nest.
 12729 | Lair:3   | Gained mutation: You sometimes emit foul miasma when
                  | damaged in melee. [demonic ancestry]
 12729 | Lair:3   | Reached XP level 13. HP: 96/104 MP: 21/27
 12776 | Lair:3   | You fall into a shaft and drop 1 floor!
 13965 | Lair:5   | Entered Level 5 of the Lair of Beasts
 13986 | Lair:5   | Reached skill level 15 in Ice Magic
 14065 | Lair:5   | Identified 3 scrolls of acquirement
 14075 | Lair:4   | Acquired 1310 gold pieces
 14076 | Lair:4   | Acquired 840 gold pieces
 14078 | Lair:4   | Acquired the +0 pair of boots "Cenuon" {rElec rF+ Str+4
                  | Stlth-}
 14230 | D:10     | Bought the ring of Fun {rF+ rN+ Str+2 Dex-4 SInv} for 434
                  | gold pieces
 14230 | D:10     | Bought a ring of protection from cold for 300 gold pieces
 14564 | Lair:5   | Found a staircase to the Slime Pits.
 15557 | Lair:5   | Gained mutation: You are mostly covered in yellow scales.
                  | (AC +3) [demonic ancestry]
 15557 | Lair:5   | Reached XP level 14. HP: 76/115 MP: 12/29
 15667 | Lair:5   | Found a corrupted altar of Lugonu.
 15667 | Lair:5   | Found a one-way gate to the infinite horrors of the Abyss.
 15840 | Lair:5   | Reached skill level 16 in Ice Magic
 16409 | Lair:5   | Got Sif Muna's Spellbook of Numb Scree
 16901 | D:10     | Bought the ring "Xorchuem" {Wiz rElec Str+6 Dex+3} for 754
                  | gold pieces
 18798 | D:12     | Found a staircase to the Orcish Mines.
 19158 | D:13     | Found a transporter.
 19616 | D:13     | Found a gate to the Vaults.
 19766 | Orc:1    | Entered Level 1 of the Orcish Mines
 19766 | Orc:1    | Noticed Harold
 19781 | Orc:1    | Killed Harold
 19782 | Orc:1    | Reached skill level 17 in Ice Magic
 20231 | Orc:1    | Noticed Erolcha
 20237 | Orc:1    | Killed Erolcha
 20519 | Orc:2    | Entered Level 2 of the Orcish Mines
 20525 | Orc:2    | Noticed Nergalle
 20534 | Orc:2    | Killed Nergalle
 20956 | Orc:2    | Noticed Saint Roka
 21288 | D:8      | Bought the Almanac of Geometric Wicked Spells for 1120 gold
                  | pieces
 21288 | D:8      | Bought the Notes on the Wild Wyrd for 1555 gold pieces
 21292 | D:8      | Learned a level 3 spell: Hailstorm
 21513 | Orc:2    | Found a staircase to the Elven Halls.
 21785 | Orc:2    | Noticed Urug
 21794 | Orc:2    | Killed Urug
 22441 | Orc:2    | Found Ypti's Jewellery Boutique.
 22670 | Orc:2    | Mangled by Saint Roka

Illustrated notes

Levels and vault maps discovered:
D:1:      ebering_trefoil_twist, layout_loops_ring
D:2:      layout_loops_ring, chequers_ecumenical_altar_simple_redux,
          kennysheep_generic_room_5
D:3:      minmay_angry_zag, layout_basic, serial_bayou_lagoon_a, uniq_robin
D:4:      layout_loops_ring, serial_bayou, serial_bayou_shore_b,
          serial_bayou_pond_e, serial_bayou_pond_e, serial_bayou_shore_a,
          serial_bayou_ford_a, serial_bayou_lagoon_b, grunt_tough_drop
D:5:      layout_rooms, minmay_temple_entry_glassed_door
D:6:      layout_basic, grunt_ministairs_8, uniq_blork_the_orc
D:7:      layout_basic, mainiacjoe_overflow_swirl
D:8:      minmay_cut_squares, layout_basic, nicolae_shop_i_like_big_books,
          minmay_misc_feat_chi, uniq_grum, uniq_psyche, uniq_maggie
D:9:      layout_loops_cross, mainiacjoe_overflow_six_doors_small
D:10:     layout_rooms, dpeg_oklobed_lair, uniq_joseph
D:11:     layout_basic, grunt_decor_clamped, lemuel_flamethrower_2
D:12:     kennysheep_funnel, layout_loops_cross, orc_0_dummy
D:13:     emtedronai_trogs_sanctum, layout_rooms, david_vaults_1, special_room
          [special_room_orc]
Temple:   compressed_dpeg_triangle_lava_temple
Lair:1:   layout_gridlike, beast_lair_carwin_9
Lair:2:   layout_cave_pods, elwin_shoals_entry_rooms
Lair:3:   minmay_lair_oklob_tunnel, layout_concentric_octagons,
          nicolae_spider_entry_non_spiders, uniq_amaemon
Lair:4:   layout_long_grid, wad_woods_river_01
Lair:5:   hellmonk_lair_end_abyssal_woods, layout_long_grid,
          minmay_slime_entry_oklob_open, grunt_forest_stairs_basic,
          grunt_megastairs_4, lemuel_fruit_tree, serial_bayou_shore_b
Orc:1:    layout_caves, uniq_erolcha, uniq_harold
Orc:2:    grunt_orc_cross, layout_caves

Skill      XL: |  1  2  3  4  5  6  7  8  9 10 11 12 13 14 |
---------------+-------------------------------------------+-----
Ice Magic      | 4 5 6 7 8 10 11 13 14 15 17 | 17.4
Fighting       | 1 2 3 4 5 7 8 9 10 12 | 12.6
Spellcasting   | 3 4 5 7 8 9 10 11 12 | 12.4
Armour         | 1 |  1.0
Conjurations   | 4 |  4.0
Air Magic      | 4 |  4.0
Dodging        | |  1.7
Stealth        | |  1.7

Action                     |  1- 3 |  4- 6 |  7- 9 | 10-12 | 13-15 || total
---------------------------+-------+-------+-------+-------+-------++-------
  Melee: Dagger            |    17 |    22 |     1 |    18 |   155 ||   213
         Unarmed           |     8 |       |       |       |       ||     8
         Headbutt          |       |     4 |     5 |     9 |    46 ||    64
         Spear             |       |       |    30 |    22 |       ||    52
         Punch             |       |       |       |     1 |       ||     1
  Throw: Dart              |     5 |       |     9 |    14 |     1 ||    29
   Cast: Freeze            |    51 |    60 |    71 |    55 |       ||   237
         Frozen Ramparts   |       |    22 |    46 |    71 |    75 ||   214
         Ozocubu's Armour  |       |     2 |    10 |    40 |    38 ||    90
         Summon Ice Beast  |       |       |     2 |       |       ||     2
         Freezing Cloud    |       |       |       |     9 |   136 ||   145
         Metabolic Englaci |       |       |       |     2 |       ||     2
         Hailstorm         |       |       |       |       |    10 ||    10
         Ensorcelled Hiber |       |       |       |       |     3 ||     3
 Invoke: Call Merchant     |       |       |       |       |     3 ||     3
         Potion Petition   |       |       |       |       |     1 ||     1
  Evoke: Wand              |       |       |     1 |     6 |       ||     7
    Use: Scroll            |       |       |     9 |     8 |     8 ||    25
         Potion            |       |       |     2 |     3 |    10 ||    15
   Stab: Sleeping          |     1 |       |       |       |       ||     1
         Distracted        |       |       |     1 |       |       ||     1
         Invisible         |       |       |       |       |     1 ||     1
 Armour: Robe              |    15 |    29 |    63 |    96 |   126 ||   329
         Skin              |       |       |     4 |       |     3 ||     7
         Scale mail        |       |       |       |    17 |       ||    17
  Dodge: Dodged            |    61 |    54 |    87 |   312 |   443 ||   957

Table legend: (Time is in decaauts)
 A = Elapsed time spent in this place.
 B = Non-inter-level travel time spent in this place.
 C = Inter-level travel time spent in this place.
 D = Time resting spent in this place.
 E = Time spent auto-exploring this place.
 F = Levels seen in this place.
 G = Mean time per level.
                   A        B        C        D        E       F      G
               +--------+--------+--------+--------+--------+-----+--------+
         Total |  22794 |  17071 |   5723 |   3031 |   9332 |  21 | 1085.4 |
       Dungeon |  13160 |  11273 |   1887 |    925 |   7892 |  13 | 1012.3 |
        Temple |     62 |      3 |     59 |      0 |      0 |   1 |   62.0 |
          Lair |   6972 |   3715 |   3257 |    933 |   1027 |   5 | 1394.4 |
  Orcish Mines |   2598 |   2080 |    518 |   1173 |    413 |   2 | 1299.0 |
               +--------+--------+--------+--------+--------+-----+--------+

Top non-repeatable levels by time:
  Lair:5: 2570 daAuts
   Orc:1: 1777 daAuts
     D:6: 1689 daAuts
     D:7: 1439 daAuts
  Lair:3: 1297 daAuts
    D:11: 1203 daAuts
  Lair:2: 1142 daAuts
     D:8: 1125 daAuts
  Lair:1: 1076 daAuts
     D:9: 988 daAuts
    D:10: 937 daAuts
     D:4: 935 daAuts
  Lair:4: 885 daAuts
    D:12: 874 daAuts
     D:3: 867 daAuts
